 Dungeon Crawl Stone Soup version 0.31-a0-233-g139696dc86 (webtiles) character file.

Game seed: 10604721774663154427

70 qw the Shooter (level 4, -5/36 HPs)
             Began as a Minotaur Hexslinger on July 8, 2023.
             Slain by a gnoll
             ... wielding a +0 spear
              (7 damage)
             ... on level 3 of the Dungeon.
             The game lasted 00:00:38 (1465 turns).

qw the Shooter (Minotaur Hexslinger)                Turns: 1465, Time: 00:00:39

Health: -5/36      AC:  6    Str: 12    XL:     4   Next: 3%
Magic:  4/4        EV: 11    Int: 10    God:
Gold:   148        SH:  0    Dex: 15    Spells: 4/5 levels left

rFire   . . .        Y - +1 sling
rCold   . . .        (no shield)
rNeg    . . .        h - +0 ring mail
rPois   .            (helmet restricted)
rElec   .            (no cloak)
rCorr   .            (no gloves)
SInv    .            b - +0 pair of boots
Will    .....        (no amulet)
Stlth   +            (no ring)
HPRegen 0.26/turn    (no ring)
MPRegen 0.09/turn

%: no passive effects
@: no status effects
A: horns 2, retaliatory headbutt
a: no special abilities


You were on level 3 of the Dungeon.
You visited 1 branch of the dungeon, and saw 3 of its levels.

You collected 148 gold pieces.


Innate Abilities, Weirdness & Mutations

You have a pair of horns on your head.
You reflexively headbutt those who attack you in melee.


   Skills:
 - Level 2.0 Fighting
 + Level 4.3 Ranged Weapons
 - Level 1.0 Armour
 - Level 2.1 Dodging
 - Level 1.0 Spellcasting
 - Level 2.0 Hexes


You had 4 spell levels left.
You knew the following spells:

 Your Spells              Type           Power      Damage    Failure   Level
a - Slow                  Hex            16%        N/A       34%         1

Your spell library contained the following spells:

 Spells                   Type           Power      Damage    Failure   Level
 Inner Flame              Hex/Fire       2%         N/A       83%         3
 Portal Projectile        Hex/Tloc       4%         N/A       83%         3
 Cause Fear               Hex            2%         N/A       98%         4

Inventory:

Hand Weapons
 Y - a +1 sling (weapon)
Armour
 b - a +0 pair of boots (worn)
 h - a +0 ring mail (worn)
Scrolls
 a - a scroll of identify
Potions
 c - a potion of mutation {unknown}
 d - a potion of heal wounds {unknown}
 g - a potion of berserk rage {unknown}
 i - a potion of resistance {unknown}
 k - a potion of ambrosia {unknown}
 m - a potion of attraction {unknown}

Dungeon Overview and Level Annotations

Branches:
Dungeon (3/15)

Altars:

Shops:
D:2 [

Annotations:
D:2 1 runed translucent door, Crazy Yiuf


Message History

You kill the adder!
The gnoll hits you from afar with a +0 spear.
You have reached level 4!
You feel agile.
1457 ||| Stepping ~*~*~tactically~*~*~ (outnumbered).
You feel sick.
You start resting.
You feel sick.
You are no longer poisoned.
A gnoll is nearby!
You shoot a sling bullet. The sling bullet hits the gnoll.
The gnoll is moderately wounded.
The gnoll hits you from afar with a +0 spear.
You shoot a sling bullet.
The sling bullet barely misses the gnoll.
The gnoll hits you from afar with a +0 spear.
You shoot a sling bullet.
The sling bullet closely misses the gnoll.
The gnoll barely misses you. You furiously retaliate!
You headbutt the gnoll. The gnoll closely misses you.
The gnoll hits you from afar with a +0 spear.
The gnoll hits you but does no damage.
You shoot a sling bullet.
The sling bullet hits the gnoll but does no damage.
The gnoll is lightly wounded.
You hear a shout!
The gnoll closely misses you.
The gnoll hits you from afar with a +0 spear.
You shoot a sling bullet.
The sling bullet barely misses the gnoll.
The gnoll hits you but does no damage. The gnoll misses you.
You shoot a sling bullet.
The sling bullet hits the gnoll but does no damage.
The gnoll is lightly wounded.
The gnoll hits you with a +0 spear. The gnoll hits you but does no damage.
The gnoll barely misses you. The gnoll hits you but does no damage.
You shoot a sling bullet. The sling bullet hits the gnoll.
The gnoll is severely wounded.
The gnoll hits you with a +0 spear.
The gnoll hits you from afar with a +0 spear!
You die...

## #.# #..# #.# #..
.########.# ##..
.......)..... ...
............#
#.#######.#######..#
#.#....##....####..#
#gg..#.....#...##...
#.#@....#.........##
.g...gg.##.#.....#...####
.J..######..(##....<## ..
.........###.# ##########
#.# #.# #.# #.# #.#


You could see 2 gnolls.

Vanquished Creatures
  2 adders
  An orc (D:3)
  4 endoplasms
  6 giant cockroaches
  2 goblins
  6 hobgoblins
  7 kobolds
  8 ball pythons
  3 bats
  6 frilled lizards
  3 rats (D:1)
48 creatures vanquished.

Notes
Turn   | Place    | Note
-------+----------+-------------------------------------------
     0 | D:1      | qw the Minotaur Hexslinger began the quest for the Orb.
     0 | D:1      | Reached XP level 1. HP: 16/16 MP: 1/1
     0 | D:1      | 0 ||| qw: Version: 0.3-a-46-gb1f654a
     0 | D:1      | 0 ||| qw: Game counter: 3473
     0 | D:1      | 0 ||| qw: Melee chars always use a shield: true
     0 | D:1      | 0 ||| qw: God list: Okawaru
     0 | D:1      | 0 ||| qw: Allow faded altars: false
     0 | D:1      | 0 ||| qw: Do Orc after clearing Dungeon:15 true
     0 | D:1      | 0 ||| qw: Do second Lair branch before Depths: true
     0 | D:1      | 0 ||| qw: Lair rune preference: random
     0 | D:1      | 0 ||| qw: Goals: Normal
     0 | D:1      | 0 ||| PLANNING D:1-11
    74 | D:1      | Reached skill level 3 in Ranged Weapons
    74 | D:1      | Reached XP level 2. HP: 23/23 MP: 2/2
   664 | D:1      | 664 ||| UPGRADING to +0 leather armour.
   674 | D:1      | 674 ||| DROPPING +0 robe.
   675 | D:1      | 675 ||| UPGRADING to +0 ring mail.
   685 | D:1      | 685 ||| DROPPING +0 leather armour.
   686 | D:1      | 686 ||| READING 2 scrolls labelled SELLEI RADWAROCAF.
   687 | D:1      | 687 ||| READING scroll labelled OXY NUOTHETA.
   691 | D:1      | 691 ||| READING scroll labelled VUSEMP CAYPSE.
   692 | D:1      | 692 ||| DROPPING scroll of poison.
   837 | D:2      | Reached XP level 3. HP: 29/29 MP: 3/3
   915 | D:2      | Reached skill level 4 in Ranged Weapons
   953 | D:2      | Found Ykutosoe's Armour Emporium.
   974 | D:2      | 974 ||| SHOPLISTING +0 robe of Love and Death {rElec
                  | Will++} (344 gold, have 79).
  1136 | D:2      | Reached skill level 1 in Armour
  1233 | D:2      | Found a runed translucent door.
  1234 | D:2      | Noticed Crazy Yiuf
  1315 | D:2      | 1315 ||| UPGRADING to +0 pair of boots.
  1320 | D:2      | 1320 ||| READING 2 scrolls of identify.
  1320 | D:2      | 1320 ||| IDENTIFYING golden potion
  1321 | D:2      | 1321 ||| DROPPING potion of brilliance.
  1453 | D:3      | 1453 ||| Stepping ~*~*~tactically~*~*~ (outnumbered).
  1457 | D:3      | Reached XP level 4. HP: 17/36 MP: 4/4
  1457 | D:3      | 1457 ||| Stepping ~*~*~tactically~*~*~ (outnumbered).
  1461 | D:3      | HP: 8/36 [gnoll/+0 spear (4)]
  1464 | D:3      | HP: 3/36 [gnoll/+0 spear (5)]
  1465 | D:3      | Slain by a gnoll

Levels and vault maps discovered:
D:1:      ebering_hopf_link, layout_basic
D:2:      layout_rooms, serial_shops, nicolae_square_shop, nrook_campfire,
          nicolae_underground_beach, uniq_crazy_yiuf_cottage
D:3:      layout_loops_ring, grunt_qazlal_sundering, minmay_misc_feat_room,
          minmay_misc_feat_five

Skill      XL: |  1  2  3 |
---------------+----------+-----
Ranged Weapons | 3 4 |  4.3
Fighting       | 2 |  2.0
Armour         | 1 |  1.0
Dodging        | |  2.1
Spellcasting   | |  1.0
Hexes          | |  2.0

Action                     |  1- 3 |  4- 6 || total
---------------------------+-------+-------++-------
   Fire: Sling             |   135 |     7 ||   142
    Use: Scroll            |     4 |       ||     4
 Armour: Robe              |     4 |       ||     4
         Ring mail         |    17 |     4 ||    21
  Dodge: Dodged            |    33 |     5 ||    38

Table legend:
 A = Non-vault XP
 B = Vault XP
 C = Vault XP percentage of total XP
 D = Non-vault monster count
 E = Vault monster count
 F = Vault count percentage of total count
                 A         B        C        D         E       F
            +---------+---------+-------+---------+---------+-------
      Total |     100 |       0 |   0.0 |      48 |       0 |   0.0
            +---------+---------+-------+---------+---------+-------
        D:1 |      35 |       0 |   0.0 |      24 |       0 |   0.0
        D:2 |      47 |       0 |   0.0 |      21 |       0 |   0.0
        D:3 |      18 |       0 |   0.0 |       3 |       0 |   0.0
            +---------+---------+-------+---------+---------+-------
